 Dungeon Crawl Stone Soup version 0.32-a0-612-g1c984fe9d1 (webtiles) character file.

Game seed: 8929663265617665515

74 jestert79 the Ruffian (level 4, -1/36 HPs)
             Began as a Ghoul Reaver on Mar 4, 2024.
             Slain by an orc
             ... wielding a +0 falchion
              (7 damage)
             ... on level 3 of the Dungeon.
             The game lasted 00:02:49 (1166 turns).

jestert79 the Ruffian (Ghoul Reaver)                Turns: 1166, Time: 00:02:50

Health: -1/36      AC:  3    Str: 15    XL:     4   Next: 28%
Magic:  6/6        EV: 11    Int: 12    God:
Gold:   99         SH:  0    Dex:  9    Spells: 3/6 levels left

rFire   . .          .
                       - Unarmed
rCold   + . .        (no shield)
rNeg    + + +        a - +0 leather armour
rPois   ∞            (no helmet)
rElec   .            (no cloak)
rCorr   .            (no gloves)
SInv    .            (no boots)
Will    .....        (no amulet)
Stlth   +            (no ring)
HPRegen 0.00/turn    (no ring)
MPRegen 0.10/turn

%: no passive effects
@: inhibited regen
A: claws 1, cold resistance 1, negative energy resistance 3, inhibited
regeneration, torment resistance 2, devour on kill
a: no special abilities


You were on level 3 of the Dungeon.
You visited 1 branch of the dungeon, and saw 3 of its levels.

You collected 99 gold pieces.

Inventory:

Missiles
 h - a throwing net
Armour
 a - a +0 leather armour (worn)
Wands
 i - a wand of acid (14)
Scrolls
 b - 2 scrolls of identify {unknown}
 e - a scroll of teleportation {unknown}
 g - a scroll of torment {unknown}
 j - a scroll of butterflies {unknown}
Potions
 c - 2 potions of magic {unknown}
 d - a potion of haste {unknown}
 f - a potion of heal wounds {unknown}


   Skills:
 - Level 2.1 Fighting
 - Level 1.7 Dodging
 + Level 5.5 Unarmed Combat
 - Level 1.7 Spellcasting
 - Level 2.4 Conjurations


You had 3 spell levels left.
You knew the following spells:

 Your Spells              Type           Power      Damage    Failure   Level
a - Kiss of Death         Conj/Necr      12%        2d6       22%         1
b - Momentum Strike       Conj/Tloc      6%         3d8       32%         2

Your spell library contained the following spells:

 Spells                   Type           Power      Damage    Failure   Level
 Hailstorm                Conj/Ice       3%         3d5       54%         3
 Summon Ice Beast         Ice/Summ       1%         N/A       71%         3
 Summon Mana Viper        Hex/Summ       1%         N/A       100%        5
 Monstrous Menagerie      Summ           0%         N/A       100%        7


Dungeon Overview and Level Annotations

Branches:
Dungeon (3/15)

Altars:
Uskayaw

Shops:
D:3 ?

Annotations:
D:2 1 runed translucent door, Crazy Yiuf


Innate Abilities, Weirdness & Mutations

You are immune to poison.
You have sharp fingernails.
Your flesh is cold resistant. (rC+)
You are immune to negative energy. (rN+++)
You do not regenerate when monsters are visible.
You are immune to unholy pain and torment.
You thrive by killing the living.


Message History

You kill the rat!
Things that are here:
a +0 robe; a rat corpse A ball python comes into view.
A malevolent force fills the Dungeon... and a teleportation trap spontaneously manifests!
You are yanked towards some nearby monsters!
Your surroundings suddenly seem different. 3 orcs, a dart slug and a ball python come into view.
Found Hoaptopoti's Magic Scroll Boutique.
The orc shouts! x3; The ball python hisses angrily.
The dart slug bites you.
The ball python moves out of view.
Unknown command.
You scratch the dart slug but do no damage.
The ball python bites you but does no damage.
The ball python grabs you. The ball python constricts you.
The dart slug launches a dart at you. The slug dart hits you.
You closely miss the ball python. The ball python bites you.
The ball python constricts you.
You claw the ball python!
You kill the ball python!
You feel better. The orc hits you with a +0 falchion.
The dart slug bites you but does no damage.
The orc hits you but does no damage.
You closely miss the orc. The orc closely misses you.
The orc hits you with a +0 whip. The dart slug launches a dart at you.
The slug dart hits you.
You closely miss the orc. The orc closely misses you.
The orc hits you with a +0 whip.
Unknown command.
Unknown command.
Unknown command.
The dart slug launches a dart at you. The slug dart hits you.
The orc attacks as it pursues you! The orc closely misses you.
You barely miss the orc. The orc hits you with a +0 whip.
* * * LOW HITPOINT WARNING * * *
The orc hits you with a +0 falchion!
You die...

#...##.# ####.. .#
#.#.##.# #ß.ß.ß#.#
#.#...<# #.⌠.⌠...#
#[######.#ß.∩.ß..##
#..........⌠.⌠....#
#.######.#ß.ß.ß...#
#..#...#..........#
#....#.####..owoo.#
##............#@..#
###$######## #...#
............. #####
#####.######. #.#
#.# #.# #.# #.#


You could see a dart slug and 3 orcs.

Vanquished Creatures
  2 adders (D:2)
  A dart slug (D:2)
  A ribbon worm (D:2)
  8 endoplasms
  4 giant cockroaches (D:1)
  2 goblins
  8 hobgoblins
  4 kobolds
  8 ball pythons
  5 bats
  2 frilled lizards
  2 rats
47 creatures vanquished.

Notes
Turn   | Place    | Note
-------+----------+-------------------------------------------
     0 | D:1      | jestert79 the Ghoul Reaver began the quest for the Orb.
     0 | D:1      | Reached XP level 1. HP: 17/17 MP: 3/3
   155 | D:1      | Reached XP level 2. HP: 24/24 MP: 4/4
   161 | D:1      | Learned a level 2 spell: Momentum Strike
   177 | D:1      | Reached skill level 4 in Unarmed Combat
   396 | D:1      | Reached XP level 3. HP: 27/29 MP: 5/5
   661 | D:2      | Found a hide-covered altar of Uskayaw.
   751 | D:2      | Reached skill level 5 in Unarmed Combat
   897 | D:2      | Reached XP level 4. HP: 33/36 MP: 6/6
  1102 | D:2      | Found a runed translucent door.
  1103 | D:2      | Noticed Crazy Yiuf
  1159 | D:3      | Found Hoaptopoti's Magic Scroll Boutique.
  1166 | D:3      | Slain by an orc

Illustrated notes

Levels and vault maps discovered:
D:1:      nzn_arrival_water_spiral, layout_basic
D:2:      layout_rooms, basic_altar, grunt_decor_cap,
          nicolae_kite_square_tiling_tiny, uniq_crazy_yiuf_cottage
D:3:      layout_basic, nicolae_overflow_squiral, serial_shops,
          nicolae_shop_temple_entry_statues_fountains, uniq_robin

Skill      XL: |  1  2  3 |
---------------+----------+-----
Unarmed Combat | 4 5 |  5.5
Fighting       | |  2.1
Dodging        | |  1.7
Spellcasting   | |  1.7
Conjurations   | |  2.4

Action                     |  1- 3 |  4- 6 || total
---------------------------+-------+-------++-------
  Melee: Unarmed           |   100 |    19 ||   119
         Punch             |     2 |       ||     2
 Armour: Leather armour    |    43 |    17 ||    60
  Dodge: Dodged            |    65 |     8 ||    73

Table legend: (Time is in decaauts)
 A = Elapsed time spent in this place.
 B = Non-inter-level travel time spent in this place.
 C = Inter-level travel time spent in this place.
 D = Time resting spent in this place.
 E = Time spent auto-exploring this place.
 F = Levels seen in this place.
 G = Mean time per level.
                   A        B        C        D        E       F      G
               +--------+--------+--------+--------+--------+-----+--------+
         Total |   1160 |   1114 |     46 |     22 |    789 |   3 |  386.7 |
       Dungeon |   1160 |   1114 |     46 |     22 |    789 |   3 |  386.7 |
               +--------+--------+--------+--------+--------+-----+--------+

Top non-repeatable levels by time:
     D:1: 647 daAuts
     D:2: 488 daAuts
     D:3: 24 daAuts
